PIO (24 & UNDER)
SASKATOON SMOKIN' GUNS @ JASPER COUGARS
08/18/2028
 
TOP OF THE 1ST
Saskatoon Smokin' Guns batting - Pitching for Jasper Cougars : LHP Alberto Guerra
Pitching: LHP Alberto Guerra
Batting: RHB Pedro Cabrera 0-0: Ball
1-0: Called Strike
1-1: Foul Ball, location: 2F
1-2: Ball
2-2: Ball
3-2: Strikes out looking
Batting: RHB Julián García 0-0: Called Strike
0-1: Ball
1-1: Ground out 5-3 (Groundball, 5L)
Batting: RHB Joaquín Luna 0-0: Called Strike
0-1: Foul Ball, location: 2F
0-2: Foul Ball, location: 2F
0-2: Ground out 5-3 (Groundball, 56S)
Top of the 1st over - 0 run(s), 0 hit(s), 0 error(s), 0 left on base; Saskatoon 0 - Jasper 0
BOTTOM OF THE 1ST
Jasper Cougars batting - Pitching for Saskatoon Smokin' Guns : RHP Arthur Kemp
Pitching: RHP Arthur Kemp
Batting: LHB Darren Holland 0-0: Called Strike
0-1: Ball
1-1: Ball
2-1: Foul Ball, location: 2F
2-2: Strikes out swinging
Batting: RHB Bob Cole 0-0: Ground out 1-3 (Groundball, 15S)
Batting: LHB Jon Rogers 0-0: Foul Ball, location: 2F
0-1: Foul Ball, location: 2F
0-2: Foul Ball, location: 2F
0-2: Foul Ball, location: 2F
0-2: Ball
1-2: Strikes out looking
Bottom of the 1st over - 0 run(s), 0 hit(s), 0 error(s), 0 left on base; Saskatoon 0 - Jasper 0
TOP OF THE 2ND
Saskatoon Smokin' Guns batting - Pitching for Jasper Cougars : LHP Alberto Guerra
Batting: LHB Bo Rush 0-0: Ball
1-0: Ball
2-0: Ball
3-0: Base on Balls
Batting: RHB Rafael Gonzáles 0-0: Ball
1-0: Ball
2-0: Foul Ball, location: 2F
2-1: Swinging Strike
2-2: Strikes out looking
Batting: LHB Rubén Salazar 0-0: Called Strike
0-1: Swinging Strike
0-2: Strikes out swinging
Batting: LHB José Domínguez 0-0: Called Strike
0-1: SINGLE (Line Drive, 4D)
Bo Rush to second
Batting: RHB Johnny Hawson 0-0: Foul Ball, location: 2F
0-1: Ball
1-1: Called Strike
1-2: Ball
2-2: Foul Ball, location: 2F
2-2: Foul Ball, location: 2F
2-2: Strikes out swinging
Top of the 2nd over - 0 run(s), 1 hit(s), 0 error(s), 2 left on base; Saskatoon 0 - Jasper 0
BOTTOM OF THE 2ND
Jasper Cougars batting - Pitching for Saskatoon Smokin' Guns : RHP Arthur Kemp
Batting: SHB Michael Miller 0-0: Foul Ball, location: 2F
0-1: Fly out, F7 (Flyball, 7)
Batting: RHB Juan Carlos 0-0: Swinging Strike
0-1: Ball
1-1: Swinging Strike
1-2: Foul Ball, location: 2F
1-2: Ball
2-2: Strikes out swinging
Batting: RHB Ben Wilson 0-0: Ball
1-0: Ball
2-0: Ball
3-0: Called Strike
3-1: Base on Balls
Batting: RHB José Maldonado 0-0: Foul Ball, location: 2F
0-1: Ball
1-1: Fielders Choice at 2nd, 6-4 (Groundball, 56)
Bottom of the 2nd over - 0 run(s), 0 hit(s), 0 error(s), 0 left on base; Saskatoon 0 - Jasper 0
TOP OF THE 3RD
Saskatoon Smokin' Guns batting - Pitching for Jasper Cougars : LHP Alberto Guerra
Batting: RHB Artie Turner 0-0: Ball
1-0: Ball
2-0: Ball
3-0: Called Strike
3-1: Base on Balls
Batting: RHB Pedro Cabrera 0-0: Ball
1-0: Ball
2-0: Ball
3-0: Called Strike
3-1: DOUBLE (Flyball, 8RD)
Artie Turner to third
Batting: RHB Julián García 0-0: Swinging Strike
0-1: Ball
1-1: Ground out 5-3 (Groundball, 56S)
Artie Turner scores
Pedro Cabrera to third
Batting: RHB Joaquín Luna 0-0: Called Strike
0-1: DOUBLE (Flyball, 89M)
Pedro Cabrera scores
Batting: LHB Bo Rush 0-0: Ball
1-0: Foul Ball, location: 2F
1-1: Ball
2-1: Called Strike
2-2: Ball
3-2: Base on Balls
Batting: RHB Rafael Gonzáles 0-0: Called Strike
0-1: Ball
1-1: Fly out, F9 (Flyball, 89S)
Batting: LHB Rubén Salazar 0-0: Foul Ball, location: 2F
0-1: Ball
1-1: Called Strike
1-2: Ball
2-2: Foul Ball, location: 2F
2-2: Strikes out swinging
Top of the 3rd over - 2 run(s), 2 hit(s), 0 error(s), 2 left on base; Saskatoon 2 - Jasper 0
BOTTOM OF THE 3RD
Jasper Cougars batting - Pitching for Saskatoon Smokin' Guns : RHP Arthur Kemp
Batting: SHB Kel Davis 0-0: Fly out, F3 (Popup, 3S)
Batting: SHB Lonnie Washington 0-0: Foul Ball, location: 2F
0-1: Foul Ball, location: 2F
0-2: Ball
1-2: Foul Ball, location: 2F
1-2: Ball
2-2: Foul Ball, location: 2F
2-2: Foul Ball, location: 2F
2-2: Foul Ball, location: 2F
2-2: Foul Ball, location: 2F
2-2: Ground out 3-1 (Groundball, 34)
Batting: LHB Darren Holland 0-0: Ground out 4-3 (Groundball, 34)
Bottom of the 3rd over - 0 run(s), 0 hit(s), 0 error(s), 0 left on base; Saskatoon 2 - Jasper 0
TOP OF THE 4TH
Saskatoon Smokin' Guns batting - Pitching for Jasper Cougars : LHP Alberto Guerra
Batting: LHB José Domínguez 0-0: Ball
1-0: Ball
2-0: Ball
3-0: Base on Balls
Batting: RHB Johnny Hawson 0-0: Fly out, F7 (Flyball, 78XD)
Batting: RHB Artie Turner 0-0: Called Strike
0-1: Ball
1-1: Ball
2-1: Ball
3-1: Foul Ball, location: 2F
3-2: Strikes out looking
Batting: RHB Pedro Cabrera 0-0: Foul Ball, location: 2F
0-1: Swinging Strike
0-2: Ball
1-2: SINGLE (Line Drive, 6MD)
José Domínguez to second
Batting: RHB Julián García 0-0: Foul Ball, location: 2F
0-1: Ball
1-1: Ball
2-1: Swinging Strike
2-2: Foul Ball, location: 2F
2-2: Ball
3-2: Foul Ball, location: 2F
3-2: Foul Ball, location: 2F
3-2: Base on Balls
José Domínguez to third
Pedro Cabrera to second
Pitching: RHP A.J. Wellman
Batting: RHB Joaquín Luna 0-0: Called Strike
0-1: Called Strike
0-2: Strikes out swinging
Top of the 4th over - 0 run(s), 1 hit(s), 0 error(s), 3 left on base; Saskatoon 2 - Jasper 0
BOTTOM OF THE 4TH
Jasper Cougars batting - Pitching for Saskatoon Smokin' Guns : RHP Arthur Kemp
Batting: RHB Bob Cole 0-0: Ball
1-0: Swinging Strike
1-1: Ball
2-1: Ball
3-1: Base on Balls
Batting: LHB Jon Rogers 0-0: Ball
1-0: Foul Ball, location: 2F
1-1: Foul Ball, location: 2F
1-2: Ball
2-2: Foul Ball, location: 2F
2-2: Strikes out swinging
Batting: SHB Michael Miller 0-0: Called Strike
Bob Cole steals 2nd base
0-1: Ball
Bob Cole is caught stealing 3rd base
1-1: Ball
2-1: Ground out 1-3 (Groundball, 15)
Bottom of the 4th over - 0 run(s), 0 hit(s), 0 error(s), 0 left on base; Saskatoon 2 - Jasper 0
TOP OF THE 5TH
Saskatoon Smokin' Guns batting - Pitching for Jasper Cougars : RHP A.J. Wellman
Batting: LHB Bo Rush 0-0: Called Strike
0-1: Ball
1-1: Swinging Strike
1-2: Strikes out swinging
Batting: RHB Rafael Gonzáles 0-0: Swinging Strike
0-1: Ball
1-1: Ball
2-1: Ball
3-1: Called Strike
3-2: Foul Ball, location: 2F
3-2: Fly out, F9 (Flyball, 89S)
Batting: LHB Rubén Salazar 0-0: Ball
1-0: Called Strike
1-1: SINGLE (Line Drive, 89S)
Batting: LHB José Domínguez 0-0: Swinging Strike
0-1: Ball
1-1: Ball
2-1: Ball
3-1: Base on Balls
Rubén Salazar to second
Batting: RHB Johnny Hawson 0-0: Called Strike
0-1: Called Strike
0-2: Ball
1-2: Ball
2-2: Foul Ball, location: 2F
2-2: Fielders Choice at 2nd, 6-4 (Groundball, 6)
Top of the 5th over - 0 run(s), 1 hit(s), 0 error(s), 1 left on base; Saskatoon 2 - Jasper 0
BOTTOM OF THE 5TH
Jasper Cougars batting - Pitching for Saskatoon Smokin' Guns : RHP Arthur Kemp
Batting: RHB Juan Carlos 0-0: Ball
1-0: Called Strike
1-1: Ball
2-1: Ball
3-1: Base on Balls
Batting: RHB Ben Wilson 0-0: Ball
Juan Carlos is caught stealing 2nd base
1-0: Fly out, F8 (Flyball, 8LM)
Batting: RHB José Maldonado 0-0: Ball
1-0: Ball
2-0: Ball
3-0: Base on Balls
Batting: SHB Kel Davis 0-0: Ball
1-0: Ball
2-0: Called Strike
2-1: Foul Ball, location: 2F
2-2: Strikes out swinging
Bottom of the 5th over - 0 run(s), 0 hit(s), 0 error(s), 1 left on base; Saskatoon 2 - Jasper 0
TOP OF THE 6TH
Saskatoon Smokin' Guns batting - Pitching for Jasper Cougars : RHP A.J. Wellman
Batting: RHB Artie Turner 0-0: Ball
1-0: Called Strike
1-1: Swinging Strike
1-2: Strikes out swinging
Batting: RHB Pedro Cabrera 0-0: Ball
1-0: Ball
2-0: Ball
3-0: Called Strike
3-1: Ground out 4-3 (Groundball, 4)
Batting: RHB Julián García 0-0: Ball
1-0: Foul Ball, location: 2F
1-1: Ball
2-1: SINGLE (Groundball, 56D)
Batting: RHB Joaquín Luna 0-0: Swinging Strike
0-1: Ball
1-1: Swinging Strike
1-2: Ground out 5-3 (Groundball, 56S)
Top of the 6th over - 0 run(s), 1 hit(s), 0 error(s), 1 left on base; Saskatoon 2 - Jasper 0
BOTTOM OF THE 6TH
Jasper Cougars batting - Pitching for Saskatoon Smokin' Guns : RHP Arthur Kemp
Batting: SHB Lonnie Washington 0-0: Ball
1-0: Swinging Strike
1-1: Foul Ball, location: 2F
1-2: Strikes out swinging
Batting: LHB Darren Holland 0-0: Ball
1-0: Called Strike
1-1: SINGLE (Groundball, 56D)
Batting: RHB Bob Cole 0-0: Ball
1-0: SINGLE (Line Drive, 34D)
Darren Holland to second
Batting: LHB Jon Rogers 0-0: Ball
1-0: Ball
2-0: Ball
3-0: Called Strike
3-1: Called Strike
3-2: Base on Balls
Darren Holland to third
Bob Cole to second
Pitching: RHP Carlos Ortíz
Batting: SHB Michael Miller 0-0: Called Strike
0-1: Ball
1-1: Ball
2-1: Ball
3-1: Swinging Strike
3-2: Base on Balls
Darren Holland scores
Bob Cole to third
Jon Rogers to second
Batting: RHB Juan Carlos 0-0: Ball
1-0: Ball
2-0: Ball
3-0: Foul Ball, location: 2F
3-1: Swinging Strike
3-2: Strikes out looking
Batting: RHB Ben Wilson 0-0: Swinging Strike
0-1: Called Strike
0-2: Ball
1-2: Ball
2-2: Strikes out looking
Bottom of the 6th over - 1 run(s), 2 hit(s), 0 error(s), 3 left on base; Saskatoon 2 - Jasper 1
TOP OF THE 7TH
Saskatoon Smokin' Guns batting - Pitching for Jasper Cougars : RHP A.J. Wellman
Batting: LHB Bo Rush 0-0: SINGLE (Line Drive, 6M)
Pinch Hitting: RHB Justin Geoghegan 0-0: Foul Ball, location: 2F
0-1: Ball
1-1: SINGLE (Line Drive, 56D)
Bo Rush to second
Batting: LHB Rubén Salazar 0-0: Foul Ball, location: 2F
0-1: Called Strike
0-2: Ball
1-2: Strikes out swinging
Pitching: LHP Robert Williams
Batting: LHB José Domínguez 0-0: Swinging Strike
0-1: Called Strike
0-2: Ball
1-2: Strikes out swinging
Batting: RHB Johnny Hawson 0-0: Ball
1-0: Ground out 5-3 (Groundball, 56S)
Top of the 7th over - 0 run(s), 2 hit(s), 0 error(s), 2 left on base; Saskatoon 2 - Jasper 1
BOTTOM OF THE 7TH
Jasper Cougars batting - Pitching for Saskatoon Smokin' Guns : RHP Carlos Ortíz
Now at 3B: Justin Geoghegan
Batting: RHB José Maldonado 0-0: Called Strike
0-1: Ball
1-1: Foul Ball, location: 2F
1-2: Ball
2-2: Strikes out looking
Batting: SHB Kel Davis 0-0: Ball
1-0: Ball
2-0: Swinging Strike
2-1: Ball
3-1: Foul Ball, location: 2F
3-2: Base on Balls
Batting: SHB Lonnie Washington 0-0: Ball
1-0: Ball
2-0: Ball
3-0: Called Strike
3-1: Base on Balls
Kel Davis to second
Batting: LHB Darren Holland 0-0: Foul Ball, location: 2F
0-1: Ground out U3 (Groundball, 34)
Kel Davis to third
Lonnie Washington to second
Batting: RHB Bob Cole 0-0: Called Strike
0-1: Ball
1-1: SINGLE (Line Drive, 3D)
Kel Davis scores
Lonnie Washington to third
Runner from 3rd tries for Home, SAFE, no throw
Pitching: LHP John Jorgensen
Batting: LHB Jon Rogers 0-0: Called Strike
0-1: Ball
1-1: Swinging Strike
1-2: Ball
Bob Cole steals 2nd base
2-2: Foul Ball, location: 2F
2-2: Ball
3-2: Strikes out swinging
Bottom of the 7th over - 2 run(s), 1 hit(s), 0 error(s), 1 left on base; Saskatoon 2 - Jasper 3
TOP OF THE 8TH
Saskatoon Smokin' Guns batting - Pitching for Jasper Cougars : LHP Robert Williams
Batting: RHB Artie Turner 0-0: Called Strike
0-1: Foul Ball, location: 2F
0-2: Ball
1-2: Strikes out looking
Batting: RHB Pedro Cabrera 0-0: Ball
1-0: Ball
2-0: Fly out, F6 (Popup, 6M)
Batting: RHB Julián García 0-0: Called Strike
0-1: SINGLE (Groundball, 6MD)
Batting: RHB Joaquín Luna 0-0: Ball
Balk!
Julián García to second
1-0: Called Strike
1-1: Fly out, F9 (Flyball, 89D)
Top of the 8th over - 0 run(s), 1 hit(s), 0 error(s), 1 left on base; Saskatoon 2 - Jasper 3
BOTTOM OF THE 8TH
Jasper Cougars batting - Pitching for Saskatoon Smokin' Guns : LHP John Jorgensen
Batting: SHB Michael Miller 0-0: Called Strike
0-1: Ball
1-1: Ball
2-1: Ball
3-1: Base on Balls
Batting: RHB Juan Carlos 0-0: Called Strike
0-1: Ball
1-1: Ball
Michael Miller steals 2nd base
2-1: Foul Ball, location: 2F
2-2: Strikes out swinging
Batting: RHB Ben Wilson 0-0: Called Strike
0-1: Foul Ball, location: 2F
0-2: Ball
1-2: SINGLE (Line Drive, 6M)
Michael Miller to third
Throwing error, E8
Michael Miller scores
Ben Wilson to second
Batting: RHB José Maldonado 0-0: Intentional Walk
Pinch Hitting: RHB Andrew Weatherly 0-0: Called Strike
0-1: Foul Ball, location: 2F
0-2: Ball
1-2: Strikes out swinging
Batting: SHB Lonnie Washington 0-0: Called Strike
0-1: SINGLE (Groundball, 56D)
Ben Wilson to third
José Maldonado to second
Runner from 3rd tries for Home, SAFE, no throw
Pitching: LHP Pedro González
Batting: LHB Darren Holland 0-0: Called Strike
0-1: Foul Ball, location: 2F
0-2: Ball
1-2: Ball
2-2: Ball
3-2: Base on Balls
José Maldonado to third
Lonnie Washington to second
Batting: RHB Bob Cole 0-0: Foul Ball, location: 2F
0-1: Ball
1-1: Called Strike
1-2: Strikes out swinging
Bottom of the 8th over - 2 run(s), 2 hit(s), 1 error(s), 3 left on base; Saskatoon 2 - Jasper 5
TOP OF THE 9TH
Saskatoon Smokin' Guns batting - Pitching for Jasper Cougars : LHP Robert Williams
Pitching: LHP Teuk-chin Kim
Now at 3B: Charles Lewis
Batting: LHB Bo Rush 0-0: Ball
1-0: Ball
2-0: Called Strike
2-1: Called Strike
2-2: Ball
3-2: Fly out, F3 (Popup, 3L)
Batting: RHB Justin Geoghegan 0-0: Called Strike
0-1: Ball
1-1: Fly out, F8 (Flyball, 8LM)
Batting: LHB Rubén Salazar 0-0: Swinging Strike
0-1: Swinging Strike
0-2: Foul Ball, location: 2F
0-2: Strikes out swinging
Top of the 9th over - 0 run(s), 0 hit(s), 0 error(s), 0 left on base; Saskatoon 2 - Jasper 5
Tuesday, August 8th, 2017 - OOTP Baseball 17.12 Build 75